 Dungeon Crawl Stone Soup version 0.24-a0-730-g011b83a (webtiles) character file.

Game seed: 10138484674679114875, levelgen mode: deterministic

338 pichaelthompson the Magician (level 6, -1/76 HPs)
             Began as a Gnoll Wanderer on Oct 1, 2019.
             Slain by a mummy (9 damage)
             ... in an ossuary.
             The game lasted 00:12:41 (2869 turns).

pichaelthompson the Magician (Gnoll Wanderer)       Turns: 2869, Time: 00:12:41

Health: -1/76      AC: 23    Str: 15    XL:     6   Next: 55%
Magic:  16/16      EV:  2    Int: 18    God:
Gold:   205        SH:  0    Dex: 17    Spells: 11/19 levels left

rFire    . . .     SeeInvis .   o - +2 short sword (speed)
rCold    . . .     Gourm    .   (no shield)
rNeg     + + +     Faith    .   (armour currently unavailable)
rPois    +         Spirit   .   (helmet currently unavailable)
rElec    .         Reflect  .   (cloak currently unavailable)
rCorr    .         Harm     .   (gloves currently unavailable)
MR       .....     NoTele   +   (boots currently unavailable)
Stlth    ++........             l - amulet of the acrobat
HPRegen  0.22/turn              (no ring)
MPRegen  0.15/turn              (no ring)

@: brilliant, tree-form, berserk cooldown, slowed, very slow
A: distributed training, strong nose
a: no special abilities


You were in an ossuary.
You were very hungry.
You were a tree.
You visited 1 branch of the dungeon, and saw 4 of its levels.
You also visited: Ossuary.

You collected 205 gold pieces.

Inventory:

Hand Weapons
 a - a +0 hand crossbow
 o - a +2 short sword of speed (weapon)
Missiles
 c - 49 bolts
Armour
 b - a +0 ring mail (melded)
 h - a scarf of cloud immunity (melded)
 k - a +2 pair of gloves (melded)
Jewellery
 l - an amulet of the acrobat (around neck)
Wands
 u - a wand of acid (6)
Scrolls
 d - 5 scrolls of teleportation
 e - 3 scrolls of identify {unknown}
 g - a scroll of fear {unknown}
 j - a scroll of fog {unknown}
 m - a scroll of remove curse {unknown}
 p - 3 scrolls of enchant armour {unknown}
 q - a scroll of amnesia {unknown}
 r - a scroll of random uselessness {unknown}
Potions
 w - a potion of might
 x - a potion of magic
Comestibles
 f - 7 rations


   Skills:
 + Level 5.0 Fighting
 + Level 2.0 Short Blades
 + Level 2.0 Long Blades
 + Level 2.0 Axes
 + Level 2.0 Maces & Flails
 + Level 2.0 Polearms
 + Level 2.0 Staves
 + Level 2.0 Slings
 + Level 2.0 Bows
 + Level 6.8 Crossbows
 + Level 2.0 Throwing
 + Level 2.0 Armour
 + Level 2.0 Dodging
 + Level 3.1 Stealth
 + Level 2.0 Shields
 + Level 2.0 Unarmed Combat
 + Level 7.4 Spellcasting
 + Level 1.5 Conjurations
 + Level 1.5 Hexes
 + Level 1.5 Charms
 + Level 1.5 Summonings
 + Level 1.5 Necromancy
 + Level 1.5 Translocations
 + Level 1.5 Transmutations
 + Level 1.5 Fire Magic
 + Level 1.5 Ice Magic
 + Level 1.5 Air Magic
 + Level 1.5 Earth Magic
 + Level 1.5 Poison Magic
 + Level 2.1 Invocations
 + Level 3.2 Evocations


You had 11 spell levels left.
You knew the following spells:

 Your Spells              Type           Power        Failure   Level  Hunger
a - Magic Dart            Conj           ###.         1%          1    None
b - Blink                 Tloc           N/A          1%          2    None
c - Call Imp              Summ           ###.....     1%          2    None
d - Conjure Flame         Conj/Fire      ###.....     2%          3    #......

Your spell library contained the following spells:

 Spells                   Type           Power        Failure   Level  Hunger
 Slow                     Hex            ###.....     1%          2    None
 Mephitic Cloud           Conj/Pois/Air  ###.....     2%          3    #......


Dungeon Overview and Level Annotations

Branches:
Dungeon (4/15)            Ossuary (1/1)
 Temple: D:4-7

Altars:
Elyvilon
Trog


Innate Abilities, Weirdness & Mutations

Your experience applies equally to all skills.
((You have very sharp teeth.))
Your uncanny sense of smell can sniff out nearby items.


Message History

You hit the mummy.
The mummy is almost destroyed.
The hobgoblin zombie hits you but does no damage. x2
The mummy completely misses you.
The elf zombie hits you but does no damage.
You hit the mummy but do no damage.
The mummy is almost destroyed.
The hobgoblin zombie hits you but does no damage. x2
The mummy hits you but does no damage. x2; The elf zombie hits you.
* * * LOW HITPOINT WARNING * * *
You hit the mummy but do no damage.
The mummy is almost destroyed.
The hobgoblin zombie hits you but does no damage. x2
Unknown command.
You barely miss the mummy. You punch the mummy.
You destroy the mummy!
The elf zombie hits you.
* * * LOW HITPOINT WARNING * * *
The mummy hits you!
You die...

#...#....ZZM...Z.#...#
#...#.####Z.####.#M..#
#...# #..#∆∆ #...#
#...# #Z.#∆∆∆ #.Z.#
#...######..######...#
#.............Z..Z...#
#...Z....8..8M5.§....#
#...ZZZZ.....Z.......#
#..ZZ♣MZ.............#
######################


You could see a mummy, 3 hobgoblin zombies, 3 kobold zombies and 2 elf zombies.

Vanquished Creatures
  Sigmund (D:2)
  2 centaur zombies (Ossuary)
  A human zombie (Ossuary)
  A mummy (Ossuary)
  An adder (D:2)
  2 oozes
  2 adder zombies (Ossuary)
  A worm (D:2)
  4 dart slugs
  6 giant cockroaches
  11 hobgoblins
  9 kobolds
  A quokka (D:3)
  13 bats
  7 frilled lizards
  5 goblins (D:3)
  2 goblin zombies (Ossuary)
  8 hobgoblin zombies (Ossuary)
  9 kobold zombies (Ossuary)
  5 orc zombies (Ossuary)
  9 rats
  2 plants (D:3)
102 creatures vanquished.

Vanquished Creatures (others)
  A quokka (D:2)
  A plant (D:3)
2 creatures vanquished.

Grand Total: 104 creatures vanquished

Notes
Turn   | Place    | Note
-------+----------+-------------------------------------------
     0 | D:1      | pichaelthompson the Gnoll Wanderer began the quest for the
                  | Orb.
     0 | D:1      | pichaelthompson set off with the following items: a +0 hand
                  | crossbow, 28 bolts, a scroll of teleportation, a +0 robe, a
                  | ration; and the following spell memorised: Magic Dart; and
                  | the following spells available to memorise: Blink, Call
                  | Imp, Slow, Conjure Flame, Mephitic Cloud
     0 | D:1      | Reached XP level 1. HP: 20/20 MP: 8/8
   169 | D:1      | Reached XP level 2. HP: 26/26 MP: 10/10
   194 | D:1      | Learned a level 2 spell: Blink
   197 | D:1      | Learned a level 2 spell: Call Imp
   464 | D:1      | Reached XP level 3. HP: 31/31 MP: 11/11
   773 | D:2      | Reached skill level 1 in Invocations
   817 | D:2      | Noticed Sigmund
   831 | D:2      | Killed Sigmund
   831 | D:2      | Reached skill level 1 in Short Blades
   831 | D:2      | Reached skill level 1 in Long Blades
   831 | D:2      | Reached skill level 1 in Axes
   831 | D:2      | Reached skill level 1 in Maces & Flails
   831 | D:2      | Reached skill level 1 in Polearms
   831 | D:2      | Reached skill level 1 in Staves
   831 | D:2      | Reached skill level 1 in Slings
   831 | D:2      | Reached skill level 1 in Bows
   831 | D:2      | Reached skill level 1 in Throwing
   831 | D:2      | Reached skill level 1 in Armour
   831 | D:2      | Reached skill level 1 in Dodging
   831 | D:2      | Reached skill level 1 in Shields
   831 | D:2      | Reached skill level 1 in Unarmed Combat
   831 | D:2      | Reached skill level 1 in Conjurations
   831 | D:2      | Reached skill level 1 in Hexes
   831 | D:2      | Reached skill level 1 in Charms
   831 | D:2      | Reached skill level 1 in Summonings
   831 | D:2      | Reached skill level 1 in Necromancy
   831 | D:2      | Reached skill level 1 in Translocations
   831 | D:2      | Reached skill level 1 in Transmutations
   831 | D:2      | Reached skill level 1 in Fire Magic
   831 | D:2      | Reached skill level 1 in Ice Magic
   831 | D:2      | Reached skill level 1 in Air Magic
   831 | D:2      | Reached skill level 1 in Earth Magic
   831 | D:2      | Reached skill level 1 in Poison Magic
   831 | D:2      | Reached XP level 4. HP: 37/38 MP: 13/13
   831 | D:2      | Reached XP level 5. HP: 42/43 MP: 14/14
   839 | D:2      | Found a white marble altar of Elyvilon.
  1816 | D:3      | Found a faded altar of an unknown god.
  1841 | D:3      | Found a bloodstained altar of Trog.
  2511 | D:4      | Found a sand-covered staircase.
  2516 | Ossuary  | Entered an ossuary
  2592 | Ossuary  | Learned a level 3 spell: Conjure Flame
  2636 | Ossuary  | Reached XP level 6. HP: 44/50 MP: 16/16
  2770 | Ossuary  | Reached skill level 5 in Fighting
  2869 | Ossuary  | Slain by a mummy

Levels and vault maps discovered:
D:1:      lightli_arrival_lavapool, layout_basic
D:2:      layout_loops_ring, elyvilon_altar_4, uniq_sigmund
D:3:      layout_loops_cross, serial_bayou, serial_bayou_lagoon_a,
          serial_bayou_pond_a, serial_bayou_pond_e, serial_bayou_ford_a,
          serial_bayou_pond_b, serial_bayou_pond_c,
          chequers_ecumenical_altar_simple, trog_hazing_becter
D:4:      layout_rooms, lemuel_crystal_altar, first_ration,
          nicolae_ossuary_entry_false_entrances, chequers_serial_rivers_large_a,
          uniq_robin
Ossuary:  ossuary_tomb_1

Skill      XL: |  1  2  3  4  5  6 |
---------------+-------------------+-----
Invocations    | 1 2 |  2.1
Short Blades   | 1 2 |  2.0
Long Blades    | 1 2 |  2.0
Axes           | 1 2 |  2.0
Maces & Flails | 1 2 |  2.0
Polearms       | 1 2 |  2.0
Staves         | 1 2 |  2.0
Slings         | 1 2 |  2.0
Bows           | 1 2 |  2.0
Throwing       | 1 2 |  2.0
Armour         | 1 2 |  2.0
Dodging        | 1 2 |  2.0
Shields        | 1 2 |  2.0
Unarmed Combat | 1 2 |  2.0
Conjurations   | 1 |  1.5
Hexes          | 1 |  1.5
Charms         | 1 |  1.5
Summonings     | 1 |  1.5
Necromancy     | 1 |  1.5
Translocations | 1 |  1.5
Transmutations | 1 |  1.5
Fire Magic     | 1 |  1.5
Ice Magic      | 1 |  1.5
Air Magic      | 1 |  1.5
Earth Magic    | 1 |  1.5
Poison Magic   | 1 |  1.5
Evocations     | 3 |  3.2
Stealth        | 3 |  3.1
Fighting       | 5 |  5.0
Crossbows      | |  6.8
Spellcasting   | |  7.4

Action                   |  1- 3 |  4- 6 || total
-------------------------+-------+-------++-------
Melee: Short sword       |       |   301 ||   301
       Bite              |       |    30 ||    30
       Punch             |       |     3 ||     3
 Fire: Hand crossbow     |    59 |    63 ||   122
 Cast: Call Imp          |       |     3 ||     3
  Use: Potion            |       |     9 ||     9
 Stab: Sleeping          |       |     3 ||     3
       Distracted        |       |     1 ||     1
       Invisible         |       |     1 ||     1
  Eat: Chunk             |       |     5 ||     5
Armor: Ring mail         |     4 |    78 ||    82
       Skin              |       |    31 ||    31
Dodge: Dodged            |    12 |   121 ||   133

Table legend:
 A = Non-vault XP
 B = Vault XP
 C = Vault XP percentage of total XP
 D = Non-vault monster count
 E = Vault monster count
 F = Vault count percentage of total count
                 A         B        C        D         E       F
            +---------+---------+-------+---------+---------+-------
      Total |     131 |     352 |  72.9 |      61 |      39 |  39.0
            +---------+---------+-------+---------+---------+-------
        D:1 |      42 |       0 |   0.0 |      20 |       0 |   0.0
        D:2 |      64 |     164 |  71.9 |      25 |       1 |   3.8
        D:3 |      25 |      12 |  32.4 |      16 |       8 |  33.3
    Ossuary |       0 |     176 | 100.0 |       0 |      30 | 100.0
            +---------+---------+-------+---------+---------+-------
